 Dungeon Crawl Stone Soup version 0.20.0 (webtiles) character file.

64 Llamajah the Chopper (level 4, -4/40 HPs)
             Began as a Hill Orc Fighter on July 31, 2017.
             Slain by a gnoll (5 damage)
             ... on level 1 of the Dungeon.
             The game lasted 00:03:02 (1141 turns).

Llamajah the Chopper (Hill Orc Fighter)             Turns: 1141, Time: 00:03:03

Health: -4/40      AC:  7    Str: 19    XL:     4   Next: 12%
Magic:  4/4        EV: 10    Int:  8    God:
Gold:   61         SH:  0    Dex: 10    Spells: 3/3 levels left

rFire    . . .     SeeInvis .   a - +0 war axe
rCold    . . .     Gourm    .   (no shield)
rNeg     . . .     Faith    .   b - +0 scale mail
rPois    .         Spirit   .   (no helmet)
rElec    .         Reflect  .   (no cloak)
rCorr    .         Harm     .   (no gloves)
MR       .....                  (no boots)
Stlth    ..........             (no amulet)
Regen    0.2/turn               (no ring)
MPRegen  0.1/turn               (no ring)

@: no status effects
A: no striking features
a: no special abilities


You were on level 1 of the Dungeon.
You were not hungry.

You visited 1 branch of the dungeon, and saw 2 of its levels.

You collected 61 gold pieces.

Inventory:

Hand Weapons
 a - a +0 war axe (weapon)
Missiles
 j - 15 arrows
Armour
 b - a +0 scale mail (worn)
Scrolls
 c - 3 scrolls of teleportation {unknown}
 g - a scroll of blinking {unknown}
 l - a scroll of enchant armour {unknown}
 o - a scroll of fear {unknown}
Potions
 d - a potion of might
 e - 2 potions of curing {unknown}
 i - a potion of degeneration {unknown}
 k - a potion of magic {unknown}
 m - a potion of ambrosia {unknown}
Comestibles
 f - a bread ration
 h - a royal jelly
 n - 4 chunks of flesh


   Skills:
 + Level 3.9 Fighting
 * Level 4.1 Axes
 + Level 3.9 Armour
 + Level 1.1 Dodging
   Level 3.2 Shields


You had 3 spell levels left.
You didn't know any spells.

Dungeon Overview and Level Annotations

Branches:
Dungeon (2/15)

Altars:
Ashenzari


Message History

You kill the gnoll!
You have reached level 4!
You hit the gnoll. The gnoll hits you with a flail!
The gnoll barely misses you. The gnoll hits you with a flail!
* * * LOW HITPOINT WARNING * * *
You climb upwards.
There is a stone staircase leading down here.
You barely miss the gnoll.
The gnoll is almost dead.
You completely miss the gnoll. The gnoll hits you.
* * * LOW HITPOINT WARNING * * *
The gnoll hits you with a flail.
* * * LOW HITPOINT WARNING * * *
The gnoll hits you but does no damage.
A kobold comes into view. It is wielding a whip.
You barely miss the gnoll.
The gnoll is almost dead.
The kobold shouts!
You hit the gnoll. The gnoll barely misses you. The gnoll hits you.
You die...

##....##..#...##........#.#
#...##...#....##.......#.#
#..##....#.....##....#...####
#.##.....#......###....#.....
###......#....(..####..######
####.####..##### #...# #
#.####K#### ##.รท#####
#......g..## #....##.
###....@...## #.##....
#.....g....# #.##..##
#..........# #.##..##
#..........# #.##.)..
#..........#####.......
#................##.##.
##...........##..#..###
#..........#..#....##
#..........##.#..######


You could see 2 gnolls and a kobold.

Vanquished Creatures
  A gnoll (D:2)
  An adder (D:2)
  2 oozes
  A dart slug (D:1)
  4 bats (D:1)
  A giant cockroach (D:1)
  3 goblins (D:1)
  5 hobgoblins
  4 jackals (D:1)
  3 frilled lizards
  6 kobolds
  3 rats (D:1)
34 creatures vanquished.

Vanquished Creatures (others)
  2 rats (D:2)
2 creatures vanquished.

Grand Total: 36 creatures vanquished

Notes
Turn   | Place    | Note
-------+----------+-------------------------------------------
     0 | D:1      | Llamajah the Hill Orc Fighter began the quest for the Orb.
     0 | D:1      | Reached XP level 1. HP: 19/19 MP: 1/1
   111 | D:1      | Reached skill level 3 in Axes
   132 | D:1      | Reached XP level 2. HP: 22/26 MP: 2/2
   486 | D:1      | Found a shattered altar of Ashenzari.
   527 | D:1      | Reached XP level 3. HP: 31/33 MP: 3/3
   538 | D:1      | Reached skill level 1 in Dodging
  1065 | D:2      | Reached skill level 4 in Axes
  1137 | D:2      | Reached XP level 4. HP: 24/40 MP: 4/4
  1140 | D:1      | HP: 1/40 [gnoll/flail (3)]
  1141 | D:1      | Slain by a gnoll

Skill      XL: |  1  2  3 |
---------------+----------+-----
Axes           | 3 4 |  4.1
Dodging        | 1 |  1.1
Fighting       | |  3.9
Armour         | |  3.9
Shields        | |  3.2

Action                   |  1- 3 |  4- 6 || total
-------------------------+-------+-------++-------
Melee: War axe           |   143 |     2 ||   145
  Eat: Chunk             |     1 |       ||     1
Armor: Scale mail        |    93 |     1 ||    94
Dodge: Dodged            |    84 |     2 ||    86
Block: Shield            |    14 |       ||    14
